 Dungeon Crawl Stone Soup version 0.30-a0-728-gc68057be0a (webtiles) character file.

Game seed: 3329757442435399795

471 M4edhros the Insei (level 7, 0/49 HPs)
             Began as an Octopode Monk on Jan 30, 2023.
             Was a Plaything of Xom.
             Slain by an ogre
             ... wielding a +0 giant club
              (30 damage)
             ... on level 5 of the Dungeon.
             The game lasted 00:03:36 (1763 turns).

M4edhros the Insei (Octopode Monk)                  Turns: 1763, Time: 00:03:36

Health: 0/49       AC:  1    Str: 10    XL:     7   Next: 9%
Magic:  7/7        EV: 15    Int: 12    God:    Xom [..*...]
Gold:   64         SH:  0    Dex: 17    Spells: 6/6 levels left

rFire   . . .      SeeInvis .      - Unarmed
rCold   . . .      Faith    .    (no shield)
rNeg    . . .      Spirit   .    (helmet restricted)
rPois   .          Reflect  .    (no amulet)
rElec   .          Harm     .    f - ring of ice
rCorr   .          Rampage  .    g - ring of fire
Will    .....                    (no ring)
Stlth   +++                      (no ring)
HPRegen 0.28/turn                (no ring)
MPRegen 0.10/turn                (no ring)
                                 (no ring)
                                 (no ring)

@: no status effects
A: almost no armour, amphibious, 8 rings, camouflage 1, gelatinous body 1,
(nimble swimmer 1), tentacles
a: Renounce Religion


You were on level 5 of the Dungeon.
You worshipped Xom.
You were a toy of Xom.
You visited 1 branch of the dungeon, and saw 5 of its levels.

You collected 162 gold pieces.
You spent 98 gold pieces at shops.

Inventory:

Magical Staves
 i - a staff of cold
Jewellery
 f - a ring of ice (left tentacle)
 g - a ring of fire (right tentacle)
Scrolls
 b - 2 scrolls of butterflies {unknown}
 d - a scroll of amnesia {unknown}
 h - a scroll of identify {unknown}
 j - a scroll of enchant armour {unknown}
 l - a scroll of magic mapping {unknown}
 m - a scroll of noise {unknown}
 o - a scroll of enchant weapon {unknown}
 p - a scroll of teleportation {unknown}
Potions
 a - a potion of ambrosia
 c - 3 potions of curing
 e - 3 potions of brilliance {unknown}
 k - a potion of haste {unknown}
 n - a potion of might


   Skills:
 + Level 4.6 Fighting
 + Level 4.6 Dodging
 - Level 2.6 Stealth
 * Level 5.9 Unarmed Combat


You had 6 spell levels left.
You didn't know any spells.
Your spell library was empty.

Dungeon Overview and Level Annotations

Branches:
Dungeon (5/15)
 Temple: D:4-7

Altars:
Fedhas
Wu Jian
Xom
Yredelemnul
The Shining One

Shops:
D:5 !


Innate Abilities, Weirdness & Mutations

You cannot wear most types of armour.
You are amphibious.
You can wear up to eight rings at the same time.
Your skin changes colour to match your surroundings (Stealth+).
Your rubbery body absorbs attacks. (AC +1, EV +1)
((You are camouflaged when in or above water. (Stealth+)))
You have tentacles for arms and can constrict up to eight enemies at once.


Message History

You squeeze the hobgoblin.
You kill the hobgoblin!
No target in view!
No target in view!
No target in view!
Found a glowing golden altar of the Shining One.
(D) Dungeon
Where to? (Enter - D:4 @ (x,y), ? - help)
Things that are here:
a +0 short sword; 5 stones
There is a stone staircase leading down here.
You climb downwards.
The ogre shouts!
There is a stone staircase leading up here.
An ogre is nearby!
The ogre barely misses you.
You tentacle-slap the ogre. You squeeze the ogre, but do no damage.
The ogre is lightly wounded.
You tentacle-slap the ogre.
The ogre is lightly wounded.
The ogre hits you with a +0 giant club!!
You barely miss the ogre.
The ogre is lightly wounded.
The ogre barely misses you.
Okay, then.
You aren't carrying any items that you can evoke.
Okay, then.
You completely miss the ogre.
The ogre is lightly wounded.
You bludgeon the ogre! You squeeze the ogre.
The ogre is heavily wounded.
The ogre misses you.
You tentacle-slap the ogre.
Your tentacle-slap misses the ogre.
The ogre is severely wounded.
You tentacle-slap the ogre. x2
The ogre is almost dead.
The ogre hits you with a +0 giant club!!
Ouch! That really hurt!
You die... "It's all fun and games until someone loses an eye."

#......##.#.# .#
#.#.#..##.#.##.
#.#...........
##.#.......#...
###...##.##.##.###
#...#.##.......#
#.#...##.......# #
#.######....<..#.#
#.............@#.###
##..####........O....#
##...####........#.#....
#.......#........#.# ##
##...##.#........# .
##..##.#.######.# #. ##.
##......# ##.###.....
####.#######........#
##.## #.....#####.#


You could see an ogre.

Vanquished Creatures
  A scorpion (D:4)
  2 necrophages (D:5)
  4 hounds
  A jelly (D:5)
  An iguana (D:4)
  An orc wizard (D:5)
  3 adders
  An ufetubus (D:5)
  3 dart slugs
  5 orcs
  3 bats
  2 endoplasms
  2 giant cockroaches (D:3)
  6 goblins
  3 hobgoblins
  4 jackals (D:3)
  3 ball pythons
  10 frilled lizards
  6 kobolds
  6 rats
67 creatures vanquished.

Vanquished Creatures (others)
  7 plants (D:4)
7 creatures vanquished.

Grand Total: 74 creatures vanquished

Notes
Turn   | Place    | Note
-------+----------+-------------------------------------------
     0 | D:1      | M4edhros the Octopode Monk began the quest for the Orb.
     0 | D:1      | Reached XP level 1. HP: 16/16 MP: 1/1
   206 | D:1      | Reached XP level 2. HP: 21/21 MP: 2/2
   372 | D:2      | Reached XP level 3. HP: 24/26 MP: 3/3
   448 | D:3      | Found a shimmering altar of Xom.
   606 | D:3      | Became a worshipper of Xom the Less-Predictable
   659 | D:3      | Reached skill level 4 in Unarmed Combat
   659 | D:3      | Reached XP level 4. HP: 31/31 MP: 4/4
   792 | D:4      | XOM: noise
   803 | D:4      | Found a blossoming altar of Fedhas.
   810 | D:4      | Reached XP level 5. HP: 32/37 MP: 5/5
   977 | D:4      | Reached skill level 5 in Unarmed Combat
  1068 | D:5      | Entered Level 5 of the Dungeon
  1068 | D:5      | Found Inoy's Distillery.
  1071 | D:5      | Bought a potion of might for 56 gold pieces
  1071 | D:5      | Bought a potion of curing for 42 gold pieces
  1091 | D:5      | Reached XP level 6. HP: 41/43 MP: 6/6
  1146 | D:5      | XOM: chaos upgrade
  1219 | D:5      | HP: 2/44 [necrophage (7)]
  1395 | D:5      | Reached XP level 7. HP: 47/49 MP: 7/7
  1677 | D:4      | Found an ornate altar of the Wu Jian Council.
  1680 | D:4      | Found a basalt altar of Yredelemnul.
  1686 | D:4      | Found a glowing golden altar of the Shining One.
  1763 | D:5      | Slain by an ogre

Illustrated notes

Levels and vault maps discovered:
D:1:      dpeg_arrival_boxes_within_box, layout_basic
D:2:      layout_loops_ring
D:3:      layout_rooms, tgw_xom, chequers_serial_rivers_small_b,
          kennysheep_orc_chapel
D:4:      layout_cave_pods, general_overflow_altar, minitemple,
          mainiacjoe_overflow_six_doors_small, serial_shops, shop,
          minmay_lizard_king
D:5:      layout_loops_cross, serial_shops, shop_statue

Skill      XL: |  1  2  3  4  5 |
---------------+----------------+-----
Unarmed Combat | 4 5 |  5.9
Fighting       | 4 |  4.6
Dodging        | 4 |  4.6
Stealth        | |  2.6

Action                     |  1- 3 |  4- 6 |  7- 9 || total
---------------------------+-------+-------+-------++-------
  Melee: Unarmed           |    70 |    64 |    16 ||   150
         Constrict         |    21 |    15 |     3 ||    39
         Punch             |     8 |       |     1 ||     9
         Tentacles         |    12 |    18 |     3 ||    33
    Use: Potion            |       |     1 |       ||     1
   Stab: Sleeping          |     7 |     2 |     2 ||    11
         Distracted        |     1 |     1 |     1 ||     3
 Armour: Skin              |     6 |     5 |       ||    11
  Dodge: Dodged            |    47 |    46 |    10 ||   103

Table legend: (Time is in decaauts)
 A = Elapsed time spent in this place.
 B = Non-inter-level travel time spent in this place.
 C = Inter-level travel time spent in this place.
 D = Time resting spent in this place.
 E = Time spent auto-exploring this place.
 F = Levels seen in this place.
 G = Mean time per level.
                   A        B        C        D        E       F      G
               +--------+--------+--------+--------+--------+-----+--------+
         Total |   1748 |   1584 |    164 |     86 |   1028 |   5 |  349.6 |
       Dungeon |   1748 |   1584 |    164 |     86 |   1028 |   5 |  349.6 |
               +--------+--------+--------+--------+--------+-----+--------+

Top non-repeatable levels by time:
     D:4: 614 daAuts
     D:3: 391 daAuts
     D:5: 355 daAuts
     D:1: 232 daAuts
     D:2: 155 daAuts
